 Dungeon Crawl Stone Soup version 0.27.0-1-g7a089689b8 (webtiles) character file.

Game seed: 9085687601086918313

61644 ABBCCCDDDD the Geomancer (level 14, -14/124 HPs)
             Began as a Yellow Draconian Arcane Marksman on Aug 7, 2021.
             Was the Champion of Makhleb.
             Demolished by an entropy weaver simulacrum (37 damage)
             ... in an ice cave.
             The game lasted 01:27:21 (33223 turns).

ABBCCCDDDD the Geomancer (DrAM)                    Turns: 33223, Time: 01:27:22

Health: -14/124    AC: 16    Str: 14    XL:     14   Next: 61%
Magic:  0/26       EV: 14    Int: 17    God:    Makhleb [******]
Gold:   1830       SH:  6    Dex: 12    Spells: 17/29 levels left

rFire    . . .     SeeInvis .   e - +2 demon whip (flame)
rCold    . . .     Faith    .   g - +1 buckler {reflect}
rNeg     . . .     Spirit   .   (armour unavailable)
rPois    +         Reflect  +   N - +0 hat
rElec    .         Harm     +   j - scarf {harm}
rCorr    +         Rampage  .   b - +0 pair of gloves of the Farmer {Regen+}
Will     +....                  v - +2 pair of boots
Stlth    +.........             q - amulet of the acrobat
HPRegen  1.30/turn              Q - ring of poison resistance
MPRegen  0.20/turn              L - +4 ring of protection

@: short of breath, very slightly contaminated, slowed, very slow
A: spit acid, AC +8, unfitting armour, acidic bite, cold-blooded, acid
resistance
a: Breathe Acid, Renounce Religion, Minor Destruction, Lesser Servant of
Makhleb, Major Destruction, Greater Servant of Makhleb


You were in an ice cave.
You worshipped Makhleb.
Makhleb was exalted by your worship.
You visited 4 branches of the dungeon, and saw 22 of its levels.
You also visited: Ossuary and Ice Cave.

You collected 2126 gold pieces.
You spent 296 gold pieces at shops.

Inventory:

Hand Weapons
 e - a +2 demon whip of flaming (weapon)
Missiles
 c - 4 javelins
 d - 40 poisoned darts (quivered)
 h - a throwing net
 B - 8 curare-tipped darts
Armour
 b - the +0 pair of gloves of the Farmer (worn) {Regen+}
   (You acquired it on level 2 of the Lair of Beasts)

   Regen:     It increases your rate of health regeneration.
 g - a +1 buckler of reflection (worn)
 j - a scarf of harm (worn)
 v - a +2 pair of boots (worn)
 N - a +0 hat (worn)
Jewellery
 a - a ring of fire
 q - an amulet of the acrobat (around neck)
 G - a ring of wizardry
 I - a +6 ring of intelligence
 L - a +4 ring of protection (right hand)
 Q - a ring of poison resistance (left hand)
Wands
 f - a wand of acid (7)
 u - a wand of iceblast (17)
 x - a wand of polymorph (4)
 J - a wand of paralysis (10)
 M - a wand of digging (7)
Scrolls
 i - 4 scrolls of immolation
 m - 6 scrolls of noise
 o - a scroll of holy word
 r - a scroll of magic mapping
 s - 8 scrolls of teleportation
 w - 2 scrolls of acquirement
 y - 2 scrolls of fog
 A - a scroll of blinking {unknown}
 C - a scroll of torment {unknown}
 E - 3 scrolls of fear {unknown}
 K - 4 scrolls of enchant armour {unknown}
 O - 3 scrolls of amnesia
 P - a scroll of identify
Potions
 k - 3 potions of flight
 l - a potion of brilliance
 n - 4 potions of haste
 p - 3 potions of heal wounds
 t - 4 potions of berserk rage
 z - a potion of magic
 D - a potion of ambrosia {unknown}
 F - 3 potions of might {unknown}
 H - 3 potions of curing
 R - a potion of cancellation {unknown}


   Skills:
 + Level 11.3 Fighting
 - Level 4.4 Short Blades
 + Level 10.4 Maces & Flails
 - Level 1.7 Throwing
 - Level 6.7 Dodging
 - Level 4.0 Shields
 - Level 8.0 Spellcasting
 - Level 4.0 Hexes
 - Level 8.0 Necromancy
 - Level 3.0 Translocations
 - Level 12.0 Earth Magic
 - Level 8.0 Invocations
 - Level 6.0 Evocations


You had 17 spell levels left.
You knew the following spells:

 Your Spells              Type           Power      Damage    Failure   Level
a - Corona                Hex            22%        N/A       1%          1
b - Cause Fear            Hex            10%        N/A       21%         4
c - Blink                 Tloc           N/A        N/A       4%          2
d - Borgnjor's Vile Clut  Necr/Erth      20%        N/A       4%          5

Your spell library contained the following spells:

 Spells                   Type           Power      Damage    Failure   Level
 Pain                     Necr           100%       1d9       1%          1
 Slow                     Hex            20%        N/A       3%          2
 Animate Dead             Necr           17%        N/A       3%          4
 Portal Projectile        Hex/Tloc       36%        N/A       8%          3
 Lesser Beckoning         Tloc           8%         N/A       9%          3
 Foxfire                  Conj/Fire      24%        2x1d5     11%         1
 Summon Small Mammal      Summ           24%        N/A       11%         1
 Agony                    Necr           34%        N/A       11%         5
 Excruciating Wounds      Necr           17%        N/A       11%         5
 Inner Flame              Hex/Fire       13%        N/A       14%         3
 Summon Guardian Golem    Hex/Summ       13%        N/A       14%         3
 Call Canine Familiar     Summ           6%         N/A       30%         3
 Conjure Flame            Conj/Fire      6%         6-21      30%         3
 Death Channel            Necr           17%        N/A       52%         6
 Manifold Assault         Tloc           17%        N/A       63%         5
 Airstrike                Air            3%         N/A       71%         4
 Summon Lightning Spire   Summ/Air       6%         N/A       71%         4
 Alistair's Intoxication  Tmut/Pois      4%         N/A       96%         5
 Lightning Bolt           Conj/Air       3%         1d14      96%         5
 Eringya's Noxious Bog    Tmut/Pois      3%         N/A       100%        6


Dungeon Overview and Level Annotations

Branches:
Dungeon (13/15)            Temple (1/1) D:5            Lair (6/6) D:11
  Swamp (0/4) Lair:3        Snake (0/4) Lair:4        Slime (0/5) Lair:6
    Orc (2/2) D:11            Elf (0/3) Orc:2       Ossuary (visited)
  IceCv (1/1)
 Vaults: D:13-14

Altars:
Ashenzari
Cheibriados
Dithmenos
Elyvilon
Fedhas
Gozag
Hepliaklqana
Kikubaaqudgha
Makhleb
Nemelex Xobeh
Okawaru
Qazlal
Ru
Sif Muna
Trog
Uskayaw
Vehumet
Wu Jian
Xom
Yredelemnul
Zin
The Shining One
Jiyva

Shops:
D:8 [   D:10 (

Portals:
Trove: D:10 (give +3 shadow dragon scales)

Annotations:
D:4 Menkaure
D:8 exclusion: steam dragon
D:9 2 transporters
Orc:1 3 runed translucent doors, Suckerboh's ghost, journeyman FoAK IceCv 1 transporter


Innate Abilities, Weirdness & Mutations

You can spit globs of acid.
Your golden yellow scales are hard. (AC +8)
You cannot fit into any form of body armour.
You have acidic saliva.
You are cold-blooded and may be slowed by cold attacks.
You are resistant to acid. (rCorr)


Message History

The entropy weaver simulacrum barely misses you.
The entropy weaver simulacrum misses you.
The white ugly thing misses you. The wolf simulacrum closely misses you.
The elephant simulacrum tramples you! The elephant simulacrum freezes you!
You feel as though you will be slow longer.
The elephant simulacrum trunk-slaps you but does no damage.
The entropy weaver simulacrum hits you but does no damage. x2
The entropy weaver simulacrum misses you.
The entropy weaver simulacrum completely misses you.
You block the cane toad simulacrum's attack.
Casting: Borgnjor's Vile Clutch (dangerous; 4% risk of failure)
Confirm with . or Enter, or press ? or * to list all spells.
You blink.
Found a transporter.
Casting: Blink (safe; 4% risk of failure)
Confirm with . or Enter, or press ? or * to list all spells.
Aiming: Borgnjor's Vile Clutch (dangerous; 4% risk of failure)
Press: ? - help, Shift-Dir - straight line, f - cane toad simulacrum, p - white ugly thing
Aim: a cane toad simulacrum (100% to hit)
Zombie hands grab the wolf simulacrum.
Zombie hands grab the white ugly thing.
Zombie hands grab the cane toad simulacrum.
The zombie hands constrict the cane toad simulacrum!
The zombie hands constrict the white ugly thing.
You kill the white ugly thing!
Makhleb accepts your kill.
You feel better.
The zombie hands constrict the wolf simulacrum!
The wolf simulacrum vaporises!
Makhleb accepts your kill.
You feel better.
The entropy weaver simulacrum is no longer covered in acid.
The cane toad simulacrum struggles to escape constriction.
The cane toad simulacrum escapes!
The entropy weaver simulacrum hits you.
The entropy weaver simulacrum freezes you!!
* * * LOW HITPOINT WARNING * * *
The entropy weaver simulacrum hits you.
* * * LOW HITPOINT WARNING * * *
The entropy weaver simulacrum freezes you!!
You feel as though you will be slow longer.
You die...

8.......
8..©..8
###########
##...8©8...##
#...(.©./...#
##....$:!....##
#......$......#
#....8..@8....#
#......Z......#
#......Z....##
#...........#
#.....ZZ....#
##.........##
##...∩...##
##.....##
#######


You could see an elephant simulacrum, a cane toad simulacrum and 2 entropy
weaver simulacra.

Vanquished Creatures
  Kirke (Lair:4)
  2 orc warlords
  Snorg (Lair:5)
  7 hydras
  4 catoblepae
  3 two-headed ogres
  10 death yaks (Lair:6)
  Nergalle (Lair:2)
  2 bog bodies (Lair:3)
  Pikel (D:6)
  3 manticores
  An orc sorcerer (Orc:2)
  An ugly thing (IceCv)
  A cyclops (D:11)
  Maurice (D:9)
  9 elephants (Lair:6)
  4 black mambas
  A gargoyle (D:11)
  6 cane toads
  3 rime drakes (Lair:6)
  7 komodo dragons
  A kobold demonologist (D:11)
  6 trolls
  A hornet (D:10)
  A polar bear (Lair:6)
  13 blink frogs
  A shadow (D:9)
  2 wraiths
  2 vampires
  49 yaks
  5 wyverns
  4 basilisks
  Grum (D:8)
  3 wargs
  3 swamp worms (Lair:3)
  5 nagas (Lair:4)
  3 acid dragons
  11 water moccasins
  2 sky beasts
  10 orc warriors
  2 black bears
  A necrophage (D:6)
  62 wolves
  10 ogres
  3 centaurs
  2 lemures (D:5)
  A phantom (D:5)
  2 kobold brigands
  13 bullfrogs
  3 gnoll sergeants
  9 scorpions
  10 killer bees (D:9)
  11 wights
  4 electric eels
  3 howler monkeys
  3 centaur zombies
  3 lava snakes (Lair:6)
  A hound (D:5)
  2 centaur skeletons (D:7)
  A human zombie (Ossuary)
  8 orc priests
  Jessica (D:3)
  2 scorpion zombies (Ossuary)
  Natasha (thrice) (D:2)
  7 orc wizards
  5 hell rats (Lair:6)
  A wolf simulacrum (IceCv)
  3 mummies (Ossuary)
  A hound skeleton (D:4)
  5 gnolls
  12 adders
  A shadow imp (D:5)
  14 white imps
  3 ufetubi
  3 worms
  3 dart slugs
  50 orcs
  8 ball pythons
  10 endoplasms
  2 giant cockroaches
  A gnoll zombie (Ossuary)
  10 goblins
  2 hobgoblins
  9 jackals
  6 quokkas
  7 bats
  6 frilled lizards
  A goblin zombie (Ossuary)
  A hobgoblin zombie (Ossuary)
  16 kobolds
  A kobold zombie (Ossuary)
  3 orc zombies (Ossuary)
  3 rats
546 creatures vanquished.

Vanquished Creatures (others)
  A water moccasin (Lair:4)
  60 fungi
  102 plants
163 creatures vanquished.

Grand Total: 709 creatures vanquished

Notes
Turn   | Place    | Note
-------+----------+-------------------------------------------
     0 | D:1      | ABBCCCDDDD the Draconian Arcane Marksman began the quest
                  | for the Orb.
     0 | D:1      | Reached XP level 1. HP: 16/16 MP: 2/2
   421 | D:1      | Reached XP level 2. HP: 25/25 MP: 3/3
   643 | D:1      | Found a faded altar of an unknown god.
  1042 | D:1      | Reached XP level 3. HP: 31/31 MP: 4/4
  1686 | D:2      | Noticed Natasha
  1697 | D:2      | Killed Natasha
  1698 | D:2      | Reached XP level 4. HP: 34/41 MP: 5/5
  1784 | D:2      | Learned a level 4 spell: Cause Fear
  2563 | D:2      | Found a radiant altar of Vehumet.
  2665 | D:2      | Noticed Natasha
  2672 | D:2      | Killed Natasha
  2673 | D:2      | Reached skill level 1 in Short Blades
  2848 | D:2      | Noticed Natasha
  2874 | D:2      | Killed Natasha
  2875 | D:2      | Reached XP level 5. HP: 40/47 MP: 7/7
  3470 | D:3      | Noticed Jessica
  3476 | D:3      | Killed Jessica
  3996 | D:4      | Noticed Menkaure
  4124 | D:2      | Reached skill level 5 in Fighting
  4628 | D:4      | Reached XP level 6. HP: 50/56 MP: 9/9
  4775 | D:4      | Noticed a sky beast
  4888 | D:4      | Killed a sky beast
  4889 | D:4      | Reached skill level 1 in Evocations
  6732 | D:5      | Entered Level 5 of the Dungeon
  6743 | D:5      | Noticed a water moccasin
  7129 | D:5      | Killed a water moccasin
  7130 | D:5      | Your scales start taking on a golden yellow colour.
  7130 | D:5      | Reached XP level 7. HP: 46/62 MP: 10/10
  7130 | D:5      | Gained mutation: You are resistant to acid. (rCorr) [Yellow
                  | Draconian growth]
  7422 | D:5      | Found a staircase to the Ecumenical Temple.
  7427 | Temple   | Entered the Ecumenical Temple
  7466 | Temple   | Became a worshipper of Makhleb the Destroyer
  9324 | D:5      | Reached XP level 8. HP: 71/71 MP: 11/11
  9777 | D:6      | Noticed Pikel
 10121 | D:5      | Reached skill level 1 in Maces & Flails
 10674 | D:6      | Killed Pikel
 10675 | D:6      | Reached skill level 5 in Evocations
 10793 | D:6      | Reached * piety under Makhleb
 10833 | D:6      | Found a bloodstained altar of Trog.
 10884 | D:6      | Learned a level 2 spell: Blink
 10912 | D:6      | Found a blossoming altar of Fedhas.
 11132 | D:7      | Reached XP level 9. HP: 78/81 MP: 12/12
 11163 | D:7      | Reached skill level 1 in Translocations
 12298 | D:7      | Reached skill level 5 in Maces & Flails
 12459 | D:8      | Found a sand-covered staircase.
 12466 | Ossuary  | Entered an ossuary
 12775 | Ossuary  | Reached ** piety under Makhleb
 13223 | D:8      | Found an ornate altar of the Wu Jian Council.
 13247 | D:8      | Found a broken altar of Ashenzari.
 13264 | D:8      | Noticed Grum
 13293 | D:8      | Reached XP level 10. HP: 39/88 MP: 14/14
 13297 | D:8      | Killed Grum
 13587 | D:8      | Found Nacosuip's Antique Armour Boutique.
 13776 | D:8      | Bought a glowing scarf for 296 gold pieces
 13987 | D:9      | Learned a level 5 spell: Borgnjor's Vile Clutch
 14098 | D:9      | Reached skill level 1 in Necromancy
 14205 | D:9      | Noticed Maurice
 14223 | D:9      | Killed Maurice
 14224 | D:9      | Reached skill level 1 in Earth Magic
 14371 | D:9      | Found a transporter.
 14372 | D:9      | Found a transporter.
 14373 | D:9      | Noticed a boulder beetle
 14497 | D:9      | Reached skill level 2 in Earth Magic
 14759 | D:9      | Reached *** piety under Makhleb
 15026 | D:9      | Identified the +6 scale mail "Zidwium" {Contam rF+ Str+3
                  | Int+2 Dex+4}
 15040 | D:9      | Found an iron altar of Okawaru.
 15040 | D:9      | Found an opulent altar of Gozag.
 15276 | D:10     | Entered Level 10 of the Dungeon
 15579 | D:10     | Noticed a two-headed ogre
 15604 | D:10     | Killed a two-headed ogre
 15605 | D:10     | Reached skill level 10 in Maces & Flails
 15605 | D:10     | Reached skill level 3 in Earth Magic
 15662 | D:10     | Found Zaakk's Weapon Boutique.
 15964 | D:10     | Found a portal to a secret trove of treasure.
 16053 | D:10     | Found an ancient bone altar of Kikubaaqudgha.
 16055 | D:10     | Found a hazy altar of Hepliaklqana.
 16101 | D:10     | Reached XP level 11. HP: 78/94 MP: 17/17
 16464 | D:11     | Found a staircase to the Lair.
 16489 | D:10     | Reached skill level 4 in Earth Magic
 16533 | D:10     | Reached skill level 5 in Spellcasting
 17075 | D:11     | Reached skill level 5 in Necromancy
 17336 | D:11     | Reached skill level 5 in Earth Magic
 18131 | Lair:1   | Entered Level 1 of the Lair of Beasts
 18149 | Lair:1   | Reached skill level 6 in Earth Magic
 18720 | D:11     | Reached **** piety under Makhleb
 18721 | D:11     | Reached skill level 7 in Earth Magic
 19066 | D:11     | Found a staircase to the Orcish Mines.
 19366 | Lair:1   | Reached skill level 1 in Invocations
 19749 | D:12     | Noticed a two-headed ogre
 19769 | D:12     | Killed a two-headed ogre
 19890 | D:12     | Reached skill level 8 in Earth Magic
 19890 | D:12     | Reached XP level 12. HP: 101/101 MP: 9/20
 20064 | D:12     | Found a shadowy altar of Dithmenos.
 20129 | D:12     | Noticed a two-headed ogre
 20138 | D:12     | Killed a two-headed ogre
 20573 | D:13     | Noticed a boulder beetle
 20925 | Lair:1   | Noticed a six-headed hydra
 20948 | Lair:1   | Killed a six-headed hydra
 21090 | Lair:1   | Noticed a seven-headed hydra
 21114 | Lair:1   | Killed a seven-headed hydra
 22173 | Lair:2   | Identified 3 scrolls of acquirement
 22175 | Lair:2   | Acquired the +0 pair of gloves of the Farmer {Regen+}
 22182 | Lair:2   | Acquired a +1 buckler of reflection
 22229 | Lair:2   | Noticed Nergalle
 22235 | Lair:2   | Noticed an eight-headed hydra
 22235 | Lair:2   | Killed Nergalle
 22236 | Lair:2   | Reached skill level 1 in Shields
 22495 | Lair:2   | Reached skill level 5 in Invocations
 22779 | Lair:2   | Noticed a boulder beetle
 23226 | Lair:3   | Reached ***** piety under Makhleb
 23233 | Lair:3   | Reached skill level 9 in Earth Magic
 23770 | Lair:3   | Noticed a catoblepas
 23813 | Lair:3   | Killed a catoblepas
 24099 | Lair:3   | Found a staircase to the Swamp.
 24106 | Lair:3   | Reached XP level 13. HP: 107/107 MP: 12/22
 24521 | Lair:4   | Noticed Kirke
 24536 | Lair:4   | Killed Kirke
 24537 | Lair:4   | Reached skill level 5 in Dodging
 26098 | Lair:4   | Found a staircase to the Snake Pit.
 26128 | Lair:4   | Reached skill level 10 in Earth Magic
 27152 | Lair:5   | Noticed Snorg
 27486 | Lair:5   | Killed Snorg
 27943 | Lair:6   | Entered Level 6 of the Lair of Beasts
 29154 | Lair:6   | Found a viscous altar of Jiyva.
 29155 | Lair:6   | Found a staircase to the Slime Pits.
 29392 | Lair:5   | Reached skill level 11 in Earth Magic
 30060 | Lair:6   | Gained mutation: You have acidic saliva. [Yellow Draconian
                  | growth]
 30060 | Lair:6   | Reached XP level 14. HP: 118/118 MP: 19/24
 30433 | Lair:6   | Reached skill level 10 in Fighting
 31709 | Lair:6   | Reached skill level 12 in Earth Magic
 32109 | Orc:1    | Entered Level 1 of the Orcish Mines
 32114 | Orc:1    | Noticed Suckerboh's ghost (journeyman FoAK)
 32241 | Orc:1    | Noticed an orc warlord
 32406 | D:11     | Killed an orc warlord
 32751 | Orc:1    | Found a runed translucent gate.
 32751 | Orc:1    | Found a runed translucent gate.
 32751 | Orc:1    | Found a runed translucent gate.
 32854 | Orc:2    | Entered Level 2 of the Orcish Mines
 32919 | Orc:2    | Noticed an orc warlord
 32934 | Orc:2    | Killed an orc warlord
 32946 | Orc:2    | Reached ****** piety under Makhleb
 33154 | Orc:2    | Found a staircase to the Elven Halls.
 33204 | Orc:2    | Found a frozen archway.
 33214 | IceCv    | Entered an ice cave
 33222 | IceCv    | Found a transporter.
 33223 | IceCv    | Demolished by an entropy weaver simulacrum

Illustrated notes

Levels and vault maps discovered:
D:1:      minmay_arrival_up_and_down, layout_basic,
          shapermc_ecumenical_altar_mp_urbaneastern, minmay_nonomino_d4
D:2:      minmay_wonky_spiral, layout_loops_ring, basic_altar,
          serial_co_window_serial, co_window_paths_a,
          co_window_of_opportunity_a, co_window_of_opportunity_a,
          co_window_paths_b, co_window_paths_a, co_window_paths_a,
          co_window_unsneaky_path_a, co_window_broadway_b, co_window_2corner,
          co_window_broadway_c, glass_columns_a, glass_columns_a,
          glass_columns_c, glass_columns_a, glass_columns_b,
          minmay_crystal_room, st_stairs_9, minivault_27, uniq_natasha
D:3:      layout_basic, uniq_jessica
D:4:      layout_loops_ring, grunt_ministairs_14, uniq_menkaure
D:5:      layout_basic, temple_doors_e, nicolae_zen_rock_garden
D:6:      layout_cave_pools, mainiacjoe_overflow_cross_hatched,
          nicolae_overflow_hidden_temple, hangedman_decor_growths, uniq_pikel
D:7:      layout_loops_ring, supply_closet_lemuel
D:8:      layout_rooms, nicolae_wu_jian_glorious_leap, ashenzari_altar_1,
          serial_shops, shop_fountains, chequers_ossuary_entry_cave, uniq_grum
D:9:      gammafunk_boulding_lane, layout_loops_corners,
          gammafunk_temple_overflow_elements, chequers_arboretum,
          chequers_serial_rivers_room_a, uniq_maurice
D:10:     layout_small_grid, mainiacjoe_overflow_catwalk_spiral, enter_trove_6,
          serial_shops, shop
D:11:     layout_irregular_city, erik_lair_orcish_takeover,
          kennysheep_orc_monster_closet_entryway,
          chequers_serial_rivers_micro_c, kennysheep_generic_room_11
D:12:     layout_rooms, serial_curves, eino_curves_03, eino_curves_03,
          nicolae_dithmenos_shadow_blocks
D:13:     layout_layer_cave, gammafunk_ghost_icy,
          minmay_fractal_squares_gapless_7
Temple:   eino_temple_lava
Lair:1:   layout_chaotic_city, grunt_megastairs_5, infiniplex_staircase_pool,
          lemuel_fruit_tree
Lair:2:   layout_regular_city, uniq_nergalle
Lair:3:   layout_cave_pods, nicolae_swamp_entry_splash_gauntlet,
          grunt_forest_large_clearings
Lair:4:   layout_cave_pods, minmay_snake_entry_guardpost_medium, uniq_kirke
Lair:5:   minmay_lair_venomous_thicket, layout_hall_layers, uniq_snorg
Lair:6:   evilmike_catoblepas_cave, layout_gridlike, slime_altar_1,
          grunt_megastairs_4, infiniplex_staircase_pool_2, serial_bayou_shore_b
Orc:1:    layout_caves, gammafunk_ghost_split, nicolae_shop_overcharged_wands
Orc:2:    st_orc_ogre_mass, layout_diamond_mine, basic_altar,
          portal_ice_cave_entry_imps, uniq_donald
IceCv:    ice_cave_statue_garden_transporter

Skill      XL: |  1  2  3  4  5  6  7  8  9 10 11 12 13 14 |
---------------+-------------------------------------------+-----
Fighting       | 2 3 4 5 6 8 9 11 | 11.3
Short Blades   | 1 2 3 4 |  4.4
Hexes          | 3 4 |  4.0
Spellcasting   | 2 3 4 5 6 8 |  8.0
Evocations     | 2 3 5 6 |  6.0
Maces & Flails | 3 8 10 | 10.4
Translocations | 3 |  3.0
Necromancy     | 4 7 8 |  8.0
Earth Magic    | 3 8 9 11 12 | 12.0
Invocations    | 2 6 8 |  8.0
Dodging        | 4 6 |  6.7
Shields        | 4 |  4.0
Throwing       | |  1.7

Action                   |  1- 3 |  4- 6 |  7- 9 | 10-12 | 13-15 || total
-------------------------+-------+-------+-------+-------+-------++-------
Melee: Unarmed           |    30 |       |       |       |       ||    30
       Tailslap          |     2 |    23 |    40 |    76 |    34 ||   175
       Short sword       |    38 |   229 |   117 |       |       ||   384
       Demon whip        |       |       |   252 |   624 |   216 ||  1092
       Bite              |       |       |       |       |    13 ||    13
 Fire: Hunting sling     |    59 |    52 |     6 |       |       ||   117
Throw: Javelin           |    12 |     8 |     1 |       |       ||    21
       Throwing net      |     1 |     1 |       |       |       ||     2
       Stone             |       |     2 |       |       |       ||     2
       Dart              |       |       |    15 |    71 |    14 ||   100
 Cast: Borgnjor's Vile C |       |       |       |    63 |   169 ||   232
       Blink             |       |       |       |     6 |     3 ||     9
       Cause Fear        |       |       |       |     1 |       ||     1
 Abil: Breathe Acid      |       |       |     3 |    32 |    17 ||    52
Evoke: Wand              |       |       |    10 |    11 |    15 ||    36
  Use: Potion            |     2 |     1 |       |       |       ||     3
       Scroll            |       |       |     3 |    16 |     4 ||    23
 Stab: Sleeping          |       |     1 |     1 |       |       ||     2
       Paralysed         |       |       |       |     4 |       ||     4
Armor: Skin              |    39 |    75 |   109 |   194 |    82 ||   499
Dodge: Dodged            |    64 |   132 |   224 |   312 |   149 ||   881
Block: Buckler           |       |       |       |    37 |    56 ||    93
       Reflection        |       |       |       |       |     3 ||     3
